 Dungeon Crawl Stone Soup version 0.21.1-1-g345015f (webtiles) character file.

246 xccam the Slasher (level 5, -14/45 HPs)
             Began as a Draconian Berserker on Mar 18, 2018.
             Was a Believer of Trog.
             Killed by divine providence
             ... invoked by an orc priest
              (17 damage)
             ... on level 4 of the Dungeon.
             The game lasted 00:04:34 (1982 turns).

xccam the Slasher (Draconian Berserker)             Turns: 1982, Time: 00:04:35

Health: -14/45     AC:  6    Str: 20    XL:     5   Next: 84%
Magic:  5/5        EV: 12    Int:  7    God:    Trog [**....]
Gold:   203        SH:  0    Dex: 11    Spells: 4/4 levels left

rFire    . . .     SeeInvis .   a - +0 falchion
rCold    . . .     Gourm    .   (no shield)
rNeg     . . .     Faith    .   (armour unavailable)
rPois    .         Spirit   .   n - +1 hat
rElec    .         Reflect  .   (no cloak)
rCorr    .         Harm     .   (no gloves)
MR       .....                  (no boots)
Stlth    +.........             (no amulet)
HPRegen  0.15/turn              (no ring)
MPRegen  0.09/turn              (no ring)

@: hasted, very quick
A: unfitting armour, cold-blooded, AC +5
a: Berserk, Trog's Hand, Burn Spellbooks, Renounce Religion


You were on level 4 of the Dungeon.
You worshipped Trog.
Trog was pleased with you.
You were not hungry.

You visited 1 branch of the dungeon, and saw 4 of its levels.

You collected 203 gold pieces.

Inventory:

Hand Weapons
 a - a +0 falchion (weapon)
Armour
 n - a +1 hat (worn)
Wands
 j - a wand of random effects (16)
 o - a wand of flame (71)
Scrolls
 c - 4 scrolls of identify {unknown}
 h - a scroll of noise {unknown}
 i - a scroll of enchant weapon {unknown}
 k - a scroll of teleportation {unknown}
 l - a scroll of amnesia {unknown}
 q - a scroll of remove curse {unknown}
 r - a scroll of fear {unknown}
 s - a scroll of fog {unknown}
Potions
 d - a potion of agility {unknown}
 e - a potion of brilliance {unknown}
 f - a potion of cancellation
 g - a potion of degeneration {unknown}
 p - a potion of might {unknown}
Comestibles
 b - 8 rations


   Skills:
 - Level 3.2 Fighting
 + Level 6.6 Long Blades
 - Level 2.6 Dodging


You had 4 spell levels left.
You didn't know any spells.

Dungeon Overview and Level Annotations

Branches:
Dungeon (4/15)
 Temple: D:4-7

Altars:
Ashenzari
Cheibriados
Xom


Innate Abilities, Weirdness & Mutations

Your plain brown scales are hard. (AC +5)
You cannot fit into any form of body armour.
You are cold-blooded and may be slowed by cold attacks.


Message History

You barely miss the orc. You slash the orc!
You kill the orc!
Trog accepts your kill.
You hit the dart slug but do no damage. The dart slug closely misses you.
You hit the dart slug but do no damage.
You recover from your berserk rage.
The orc priest invokes the aid of Beogh against you.
Beogh smites you!
* * * LOW HITPOINT WARNING * * *
The dart slug closely misses you.
You riposte.
You hit the dart slug.
The dart slug is heavily wounded.
It was a potion of cancellation.
You feel magically purged.
The orc priest miscasts a cantrip.
It was a potion of haste.
You feel yourself speed up. The dart slug misses you.
You riposte.
You barely miss the dart slug. You tail-slap the dart slug.
The dart slug is severely wounded.
The orc priest calls down the wrath of Beogh upon you.
Beogh smites you!
You die...

# #.# #.# #. #.# #.#
####.### # #.#
#....#.. # #. #.#
#.####.# #.#.# #.# #.#
># #.... #.# #.# .#
#.....#.###.####.##
##....#.#.<...@wo.#
.......)#.#.####o.#
.......).)..####.≈≈≈#
###.....).......≈≈≈≈≈#
##..(#...###..≈≈.≈≈_#
#..###.## .≈≈≈≈≈## #.#
### .≈≈≈#.# #. ..###.#
#. #


You could see an orc priest, a dart slug and an orc.

Vanquished Creatures
  Jessica (D:2)
  4 orc wizards (D:3)
  4 gnolls (D:4)
  2 adders (D:2)
  2 worms
  2 dart slugs (D:2)
  A leopard gecko (D:1)
  2 orcs
  A ball python (D:4)
  A giant cockroach (D:2)
  A goblin (D:3)
  5 hobgoblins
  5 kobolds
  A quokka (D:2)
  7 bats
  5 frilled lizards
  8 rats
52 creatures vanquished.

Notes
Turn   | Place    | Note
-------+----------+-------------------------------------------
     0 | D:1      | xccam the Draconian Berserker began the quest for the Orb.
     0 | D:1      | Reached XP level 1. HP: 19/19 MP: 1/1
   350 | D:1      | Reached XP level 2. HP: 26/26 MP: 2/2
   708 | D:2      | Reached skill level 4 in Long Blades
   848 | D:2      | Reached ** piety under Trog
   915 | D:2      | Noticed Jessica
   924 | D:2      | Reached XP level 3. HP: 27/31 MP: 3/3
   928 | D:2      | Killed Jessica
  1050 | D:2      | Reached XP level 4. HP: 32/38 MP: 4/4
  1052 | D:2      | Found a shattered altar of Ashenzari.
  1096 | D:2      | Reached skill level 5 in Long Blades
  1326 | D:3      | Found a shimmering altar of Xom.
  1364 | D:3      | Reached XP level 5. HP: 6/45 MP: 5/5
  1370 | D:3      | Reached skill level 6 in Long Blades
  1960 | D:4      | Found a snail-covered altar of Cheibriados.
  1982 | D:4      | Killed from afar by an orc priest

Skill      XL: |  1  2  3  4  5 |
---------------+----------------+-----
Long Blades    | 4 5 6 |  6.6
Fighting       | |  3.2
Dodging        | |  2.6

Action                   |  1- 3 |  4- 6 || total
-------------------------+-------+-------++-------
Melee: Falchion          |    98 |    79 ||   177
       Tailslap          |    10 |     9 ||    19
Invok: Berserk           |       |     2 ||     2
       Trog's Hand       |       |     2 ||     2
  Use: Potion            |       |     2 ||     2
 Stab: Distracted        |     1 |       ||     1
  Eat: Chunk             |     1 |     5 ||     6
Armor: Skin              |    32 |    24 ||    56
Dodge: Dodged            |    65 |    39 ||   104
       Rpst.: Falchion   |    24 |     7 ||    31
